 Dungeon Crawl Stone Soup version 0.31-a0-631-g285b096dc4 (webtiles) character file.

Game seed: 5319985425336692683

5512 HoaS the Skirmisher (level 10, -17/60 HPs)
             Began as a Gargoyle Hunter on Aug 26, 2023.
             Was an Elder of Zin.
             Demolished by a large abomination (20 damage)
             ... on level 2 of the Abyss.
             The game lasted 00:27:30 (7226 turns).

HoaS the Skirmisher (Gargoyle Hunter)               Turns: 7226, Time: 00:27:31

Health: -17/60     AC: 16    Str: 14    XL:     10   Next: 70%
Magic:  9/12       EV: 15    Int: 11    God:    Zin [****..]
Gold:   660        SH:  0    Dex: 23    Spells: 9/9 levels left

rFire   . . .        a - +0 shortbow (freeze)
rCold   . . .        (shield currently unavailable)
rNeg    + + .        u - +1 steam dragon scales
rPois   ∞            p - +0 helmet
rElec   +            (no cloak)
rCorr   .            g - +1 pair of gloves
SInv    .            (no boots)
Will    .....        d - amulet of regeneration
Stlth   ++           h - +6 ring of dexterity
HPRegen 1.10/turn    l - ring of positive energy
MPRegen 0.13/turn

%: no passive effects
@: no status effects
A: sickness immunity, AC +7, negative energy resistance 1, electricity
resistance, torment resistance 1, petrification resistance
a: Renounce Religion, Recite, Vitalisation, Imprison, Donate Gold


You were on level 2 of the Abyss.
You worshipped Zin.
Zin was greatly pleased with you.
You visited 2 branches of the dungeon, and saw 10 of its levels.
You visited the Abyss 1 time.
You also visited: Bailey.

You collected 820 gold pieces.
You spent 87 gold pieces at shops.
You donated 73 gold pieces to Zin.

Inventory:

Hand Weapons
 a - a +0 shortbow of freezing (weapon)
Armour
 g - a +1 pair of gloves (worn)
 p - a +0 helmet (worn)
 u - +1 steam dragon scales (worn)
Jewellery
 d - an amulet of regeneration (around neck)
 h - a +6 ring of dexterity (left hand)
 l - a ring of positive energy (right hand)
Wands
 k - a wand of acid (4)
 t - a wand of paralysis (9)
 w - a wand of iceblast (5)
Scrolls
 b - a scroll of butterflies
 j - 2 scrolls of teleportation
 m - a scroll of fog
Potions
 c - a potion of curing {unknown}
 e - 2 potions of attraction
 f - 2 potions of resistance
 n - 2 potions of enlightenment
 o - 2 potions of heal wounds
 q - a potion of experience {unknown}
 s - 3 potions of brilliance {unknown}


   Skills:
 * Level 5.7 Fighting
 - Level 14.0 Ranged Weapons
 * Level 4.3 Dodging
 - Level 1.1 Stealth
 + Level 3.8 Invocations


You had 9 spell levels left.
You didn't know any spells.
Your spell library contained the following spells:

 Spells                   Type           Power      Damage    Failure   Level
 Freeze                   Ice            0%         1d3       34%         1
 Frozen Ramparts          Ice            0%         1d1       71%         3
 Hailstorm                Conj/Ice       0%         3d3       71%         3
 Inner Flame              Hex/Fire       0%         N/A       71%         3
 Flame Wave               Conj/Fire      0%         2d4       98%         4
 Sticky Flame             Conj/Fire      0%         2d3       98%         4


Dungeon Overview and Level Annotations

Branches:
Dungeon (9/15)             Temple (1/1) D:4            Lair (0/5) D:8
 Bailey (visited)
    Orc: D:9-12

Altars:
Ashenzari
Dithmenos
Elyvilon
Fedhas
Gozag
Hepliaklqana
Kikubaaqudgha
Makhleb
Nemelex Xobeh
Okawaru
Ru
Sif Muna
Trog
Uskayaw
Vehumet
Wu Jian
Xom
Yredelemnul
Zin
The Shining One

Shops:
D:3 *   D:7 :

Annotations:
D:8 Amaemon
D:9 exclusion: yak


Innate Abilities, Weirdness & Mutations

You are immune to sickness and miasma.
Your stone body is resilient. (AC +7)
You are immune to poison.
You resist negative energy. (rN+)
You are resistant to electric shocks. (rElec)
You are resistant to unholy torment.
You are immune to petrification.


Message History

The arrow freezes the great orb of eyes.
The great orb of eyes is almost dead.
The great orb of eyes bites you but does no damage.
The large abomination completely misses you.
You shoot an arrow. The arrow hits the great orb of eyes.
The arrow freezes the great orb of eyes.
You kill the great orb of eyes!
The large abomination misses you.
Your Dodging skill increases to level 4!
You shoot an arrow. The arrow hits the large abomination.
The arrow freezes the large abomination.
The large abomination is lightly damaged.
You shoot an arrow. The arrow hits the large abomination.
The arrow freezes the large abomination.
The large abomination is lightly damaged.
The large abomination closely misses you.
You shoot an arrow.
The arrow hits the large abomination but does no damage.
The large abomination is lightly damaged.
The large abomination hits you!
You shoot an arrow.
The arrow hits the large abomination but does no damage.
The large abomination is lightly damaged.
The large abomination hits you!!
You shoot an arrow. The arrow hits the large abomination.
The arrow freezes the large abomination.
The large abomination is moderately damaged.
You shoot an arrow.
The arrow barely misses the large abomination.
The large abomination hits you!!
* * * LOW HITPOINT WARNING * * *
You shoot an arrow. The arrow hits the large abomination.
The arrow freezes the large abomination.
The large abomination is moderately damaged.
The large abomination completely misses you.
You shoot an arrow. The arrow hits the large abomination.
The arrow freezes the large abomination.
The large abomination is moderately damaged.
The large abomination hits you!!
You die...

###... .#
##.. # #.
...... . ##.
## #.#..
.#..##...# #
#
..#...#.##.##
#. ....#....#
. ##..#..## .
#......#
#.@##.#.. .
#..X#.# ### .
....### ..#
#.# #.# #. ##


You could see a large abomination.

Vanquished Creatures
  A great orb of eyes (Abyss:2)
  A rime drake (D:8)
  2 polar bears (D:8)
  A hornet (D:6)
  2 vampires (D:9)
  A wraith (D:9)
  A steam dragon (D:8)
  2 water moccasins
  Duvessa (D:5)
  3 sky beasts
  2 black bears
  6 ice beasts
  2 ogres
  3 wolves (D:8)
  A centaur (D:9)
  A phantom (D:7)
  2 kobold brigands (D:9)
  3 bullfrogs
  2 scorpions (D:5)
  A small abomination (Abyss:2)
  4 wights (D:7)
  Dowan (D:5)
  3 killer bees (D:8)
  2 howler monkeys
  A jelly (D:7)
  4 hounds
  An orc priest (D:8)
  3 iguanas
  An orc wizard (D:8)
  Robin (D:4)
  4 gnolls (D:7)
  8 adders
  3 white imps
  2 ufetubi (D:5)
  2 worms
  4 dart slugs
  20 orcs
  9 ball pythons
  11 endoplasms
  6 giant cockroaches
  12 goblins
  7 hobgoblins
  8 jackals
  15 kobolds
  A quokka (D:1)
  7 bats
  4 frilled lizards
  9 orc zombies (Bailey)
  11 rats
202 creatures vanquished.

Notes
Turn   | Place    | Note
-------+----------+-------------------------------------------
     0 | D:1      | HoaS the Gargoyle Hunter began the quest for the Orb.
     0 | D:1      | Reached XP level 1. HP: 12/12 MP: 1/1
   142 | D:1      | Reached XP level 2. HP: 17/17 MP: 2/2
   477 | D:1      | Reached XP level 3. HP: 21/21 MP: 3/3
   682 | D:2      | Reached skill level 5 in Ranged Weapons
  1441 | D:3      | Reached XP level 4. HP: 26/26 MP: 4/4
  1509 | D:3      | Found Ximar's Assorted Antiques.
  1515 | D:3      | Bought a scroll of teleportation for 87 gold pieces
  2108 | D:4      | Found a staircase to the Ecumenical Temple.
  2123 | Temple   | Entered the Ecumenical Temple
  2190 | D:4      | Reached skill level 6 in Ranged Weapons
  2242 | D:4      | Noticed Robin
  2249 | D:4      | Killed Robin
  2257 | D:4      | Reached XP level 5. HP: 30/30 MP: 5/5
  2306 | D:4      | Found a shimmering altar of Xom.
  2494 | D:4      | Reached skill level 7 in Ranged Weapons
  2521 | D:4      | Reached XP level 6. HP: 35/35 MP: 6/6
  2794 | D:5      | Entered Level 5 of the Dungeon
  2995 | D:5      | Reached skill level 8 in Ranged Weapons
  2995 | D:5      | Reached XP level 7. HP: 40/40 MP: 7/7
  3280 | D:5      | Noticed Duvessa
  3281 | D:5      | Noticed Dowan
  3306 | D:5      | Killed Duvessa
  3307 | D:5      | Reached skill level 9 in Ranged Weapons
  3310 | D:5      | Killed Dowan
  3641 | D:5      | Reached XP level 8. HP: 44/44 MP: 8/8
  3735 | D:5      | Found a sacrificial altar of Ru.
  3735 | D:5      | Found a white marble altar of Elyvilon.
  3742 | D:5      | Found a glowing silver altar of Zin.
  3744 | D:5      | Found a burning altar of Makhleb.
  3746 | D:5      | Found a shadowy altar of Dithmenos.
  3758 | D:5      | Became a worshipper of Zin the Law-Giver
  3758 | D:5      | Reached * piety under Zin
  3758 | D:5      | Reached ** piety under Zin
  3917 | D:6      | Reached skill level 10 in Ranged Weapons
  3937 | D:6      | Noticed a hornet
  4192 | D:6      | Reached skill level 11 in Ranged Weapons
  4199 | D:6      | Found a broken altar of Ashenzari.
  4678 | D:7      | Found Ozi Tilyppo's Tremendous Tomes.
  4890 | D:7      | Reached XP level 9. HP: 48/48 MP: 9/9
  5015 | D:7      | Reached *** piety under Zin
  5036 | D:7      | Found a sparkling altar of Nemelex Xobeh.
  5146 | D:7      | Reached skill level 12 in Ranged Weapons
  5503 | D:6      | Killed a hornet
  5591 | D:7      | Reached skill level 13 in Ranged Weapons
  5808 | D:8      | Noticed a rime drake
  5825 | D:8      | Killed a rime drake
  5829 | D:8      | Noticed a polar bear
  5858 | D:8      | Killed a polar bear
  5859 | D:8      | Reached skill level 14 in Ranged Weapons
  5860 | D:8      | Reached skill level 1 in Invocations
  5860 | D:8      | Reached XP level 10. HP: 39/54 MP: 10/10
  5933 | D:8      | Found a shimmering blue altar of Sif Muna.
  6139 | D:8      | Noticed Amaemon
  6139 | D:8      | Noticed an orange demon
  6163 | D:8      | Found a staircase to the Lair.
  6347 | D:9      | Noticed a boulder beetle
  6400 | D:9      | Found a flagged portal.
  6411 | Bailey   | Entered a bailey
  6579 | Bailey   | Reached **** piety under Zin
  6593 | Bailey   | Noticed a gargoyle
  7106 | D:9      | Noticed a wizard
  7129 | D:9      | Reached skill level 5 in Fighting
  7132 | Abyss:2  | Cast into level 2 of the Abyss (a wizard)
  7196 | Abyss:2  | Noticed a great orb of eyes
  7206 | Abyss:2  | Paralysed by a great orb of eyes for 3 turns
  7210 | Abyss:2  | Noticed a large abomination
  7218 | Abyss:2  | Killed a great orb of eyes
  7224 | Abyss:2  | HP: 2/60 [large abomination (21)]
  7226 | Abyss:2  | Demolished by a large abomination

Illustrated notes

Levels and vault maps discovered:
D:1:      lightli_arrival_boilingwater, layout_loops_cross
D:2:      layout_loops_cross, kennysheep_generic_room_10
D:3:      minmay_inner_zag, layout_rooms, serial_shops, nicolae_shop_crystal,
          kennysheep_cross_room
D:4:      minmay_polygon_palace, layout_basic, mainiacjoe_overflow_catwalk,
          minmay_temple_entry_large_hall, uniq_robin
D:5:      mumra_celtic_spiral_tile, layout_basic,
          chequers_temple_overflow_minitemple, serial_bayou,
          serial_bayou_shore_a, serial_bayou_lagoon_b, serial_bayou_lake_a,
          serial_bayou_shore_b, uniq_duvessa
D:6:      layout_rooms, overflow_temple_1_default, minmay_misc_feat_alley
D:7:      layout_basic, lemuel_round_altar, serial_corexii_hall,
          chequers_hall_statues_wall_a, corexii_hall_statues_l, st_stairs_6,
          minivault_25, nicolae_shop_i_like_big_books
D:8:      layout_basic, general_overflow_altar, hellmonk_lair_entry_icy,
          uniq_amaemon
D:9:      kennysheep_blocky_room, layout_irregular_city,
          mainiacjoe_overflow_surrounded_room, enter_bailey_2
Temple:   nicolae_temple_bog_church
Abyss:2:  base:
D:5

Skill      XL: |  1  2  3  4  5  6  7  8  9 10 |
---------------+-------------------------------+-----
Ranged Weapons | 5 6 7 8 9 11 14 | 14.0
Dodging        | 2 4 |  4.3
Invocations    | 1 3 |  3.8
Fighting       | 5 |  5.7
Stealth        | |  1.1

Action                     |  1- 3 |  4- 6 |  7- 9 | 10-12 || total
---------------------------+-------+-------+-------+-------++-------
   Fire: Shortbow          |   128 |   189 |   326 |   258 ||   901
    Use: Scroll            |     7 |     4 |     5 |     4 ||    20
         Potion            |       |       |     2 |       ||     2
 Armour: Leather armour    |    16 |    34 |    75 |    30 ||   155
         Steam dragon scal |       |       |       |    18 ||    18
  Dodge: Dodged            |    30 |    44 |    85 |    66 ||   225

Table legend: (Time is in decaauts)
 A = Elapsed time spent in this place.
 B = Non-inter-level travel time spent in this place.
 C = Inter-level travel time spent in this place.
 D = Time resting spent in this place.
 E = Time spent auto-exploring this place.
 F = Levels seen in this place.
 G = Mean time per level.
                   A        B        C        D        E       F      G
               +--------+--------+--------+--------+--------+-----+--------+
         Total |   7177 |   6828 |    349 |    753 |   4608 |  12 |  598.1 |
       Dungeon |   6864 |   6525 |    339 |    627 |   4534 |   9 |  762.7 |
        Temple |     26 |     16 |     10 |      0 |      0 |   1 |   26.0 |
         Abyss |     84 |     84 |      0 |     25 |     34 |   1 |   84.0 |
        Bailey |    202 |    202 |      0 |    100 |     40 |   1 |  202.0 |
               +--------+--------+--------+--------+--------+-----+--------+

Top non-repeatable levels by time:
     D:5: 1151 daAuts
     D:7: 1001 daAuts
     D:4: 821 daAuts
     D:6: 730 daAuts
     D:1: 692 daAuts
     D:2: 662 daAuts
     D:3: 631 daAuts
     D:9: 609 daAuts
     D:8: 564 daAuts
  Bailey: 202 daAuts
 Abyss:2: 84 daAuts
  Temple: 26 daAuts
